 Dungeon Crawl Stone Soup version 0.21-b1-21-g86478ac (webtiles) character file.

43 tidbits the Sneak (level 3, -2/14 HPs)
             Began as a Felid Necromancer on Jan 4, 2018.
             Slain by an adder (5 damage)
             ... on level 2 of the Dungeon.
             The game lasted 00:04:54 (784 turns).

tidbits the Sneak (Felid Necromancer)                Turns: 784, Time: 00:04:55

Health: -2/14      AC:  1    Str:  3 (4)  XL:     3   Next: 37%
Magic:  4/7        EV: 17    Int: 20 (21) God:
Gold:   82         SH:  0    Dex: 13 (16) Spells: 1/6 levels left
                                        Lives:  0   Deaths: 0

rFire    . . .     SeeInvis +     - Unarmed
rCold    . . .     Gourm    .   (shield unavailable)
rNeg     . . .     Faith    +   (armour unavailable)
rPois    .         Spirit   .   (helmet unavailable)
rElec    .         Reflect  .   (cloak unavailable)
rCorr    .         Harm     .   (gloves unavailable)
MR       .....                  (boots unavailable)
Stlth    +++.......             d - amulet of faith
HPRegen  0.04/turn              f - +4 ring of intelligence
MPRegen  0.10/turn              (no ring)

@: lethally poisoned (-2 -> -7), quick
A: very small, no armour, no weapons or thrown items, stealth, claws 1, fangs 3,
see invisible, carnivore, speed 1, shaggy fur 1, slow metabolism 1, sharp paws
a: no special abilities


You were on level 2 of the Dungeon.
You were not hungry.

You visited 1 branch of the dungeon, and saw 3 of its levels.

You collected 82 gold pieces.

Inventory:

Missiles
 c - 72 arrows
Jewellery
 d - an amulet of faith (around neck)
   (You found it on level 1 of the Dungeon)
 f - a +4 ring of intelligence (left paw)
   (You found it on level 1 of the Dungeon)
Scrolls
 e - a scroll of amnesia {unknown}
 g - a scroll of teleportation {unknown}
 h - a scroll of enchant armour {unknown}
 i - a scroll of identify {unknown}
 j - a scroll of remove curse {unknown}
Potions
 l - a potion of haste {unknown}
Books
 a - a book of Necromancy

   Spells                             Type                      Level
   a - Pain                           Necromancy                   1
   b - Animate Skeleton               Necromancy                   1
   c - Vampiric Draining              Necromancy                   3
   d - Regeneration                   Charms/Necromancy            3
   e - Animate Dead                   Necromancy                   4
   f - Borgnjor's Vile Clutch         Necromancy/Earth             5
Comestibles
 b - 2 rations
 k - 2 chunks of flesh


   Skills:
 - Level 2.7 Dodging
 + Level 4.3 Stealth
 + Level 2.0 Unarmed Combat
 - Level 2.0 Spellcasting
 - Level 4.0 Necromancy


You had one spell level left.
You knew the following spells:

 Your Spells              Type           Power        Failure   Level  Hunger
a - Pain                  Necr           ###.         3%          1    #......
n - Animate Skeleton      Necr           N/A          3%          1    #......
r - Regeneration          Chrm/Necr      ##........   21%         3    ###....


Dungeon Overview and Level Annotations

Branches:
Dungeon (3/15)

Altars:

Annotations:
D:3 Natasha


Innate Abilities, Weirdness & Mutations

You cannot wear armour.
You are incapable of wielding weapons or throwing items.
Your paws allow you to move quietly. (Stealth)
You have sharp claws.
You have razor-sharp teeth.
You have supernaturally acute eyesight. (SInv)
You are carnivorous and can eat meat at any time.
You cover ground quickly.
You are covered in fur. (AC +1)
You have a slow metabolism.
Your sharp claws are effective at attacking unaware monsters.


Message History

You swing at nothing.
You swing at nothing.
You swing at nothing.
You swing at nothing.
You swing at nothing.
You swing at nothing.
You swing at nothing.
You swing at nothing.
You swing at nothing.
You swing at nothing.
You swing at nothing.
You swing at nothing.
You swing at nothing.
You swing at nothing.
You swing at nothing.
You swing at nothing.
You swing at nothing.
You swing at nothing.
You swing at nothing.
You swing at nothing.
Wield which item (- for none, * to show all)? (? for menu, Esc to quit)
Your mouth is now empty.
An adder comes into view.
Casting: Pain
Confirm with . or Enter, or press ? or * to list all spells.
Aiming: Pain
Press: ? - help, Shift-Dir - straight line, f - adder
Aim: an adder (chance to defeat MR: 84%)
The adder writhes in agony!
Casting: Pain
Confirm with . or Enter, or press ? or * to list all spells.
Aiming: Pain
Press: ? - help, Shift-Dir - straight line, f/p - adder
Aim: an adder (lightly wounded, chance to defeat MR: 84%)
The adder barely resists.
The adder completely misses you.
Casting: Pain
Confirm with . or Enter, or press ? or * to list all spells.
Aiming: Pain
Press: ? - help, Shift-Dir - straight line, f/p - adder
Aim: an adder (lightly wounded, chance to defeat MR: 84%)
The adder writhes in agony!
The adder bites you.
Casting: Pain
Confirm with . or Enter, or press ? or * to list all spells.
Aiming: Pain
Press: ? - help, Shift-Dir - straight line, f/p - adder
Aim: an adder (severely wounded, chance to defeat MR: 84%)
The adder writhes in agony!
You kill the adder!
Your Unarmed Combat skill increases to level 2!
Found an amethyst potion.
You see here an adder corpse.
Casting: Pain
Confirm with . or Enter, or press ? or * to list all spells.
You attempt to give life to the dead...
Before your eyes, flesh is ripped from the corpse!
The dead are slithering!
k - 2 chunks of flesh
l - an amethyst potion
There are no items here.
Found 19 stones and 15 arrows.
Found an escape hatch in the floor.
c - 72 arrows (gained 15)
There are no items here.
A worm comes into view.
A goblin and a dart slug come into view.
Found 25 stones.
Found 15 stones.
You swap places.
An adder comes into view.
Found a ration.
Casting: Animate Skeleton
Confirm with . or Enter, or press ? or * to list all spells.
Aiming: Pain
Press: ? - help, Shift-Dir - straight line, f - adder
Aim: an adder (chance to defeat MR: 84%)
The adder writhes in agony!
You closely miss the adder.
The adder is heavily wounded.
The adder completely misses you. The adder misses you.
You scratch the adder but do no damage.
The adder is heavily wounded.
The adder closely misses you. The goblin hits your adder skeleton.
Casting: Pain
Confirm with . or Enter, or press ? or * to list all spells.
Aiming: Pain
Press: ? - help, Shift-Dir - straight line, f/p - adder
Aim: an adder (heavily wounded, chance to defeat MR: 84%)
The adder barely resists.
The adder closely misses you.
The goblin completely misses your adder skeleton.
Casting: Pain
Confirm with . or Enter, or press ? or * to list all spells.
Aiming: Pain
Press: ? - help, Shift-Dir - straight line, f/p - adder
Aim: an adder (heavily wounded, chance to defeat MR: 84%)
The adder writhes in agony!
The adder bites you.
* * * LOW HITPOINT WARNING * * *
You are lethally poisoned!
The adder poisons you!
The goblin closely misses your adder skeleton.
The adder bites you.
You die...

...##..# # #.###.#######
#.# ###### #............
..% ....... #..........##
#.# ####### #.....)....#
#.# # ##.###..[..## #.#
#### .......†...# #.#
#... ....##.....#
#S######## #...
....##.....# #@##.....#
#... ....####..##
#Z##.....# #... ....#
#..# #g##.....# #...
....####..## #.##(....#
#... ....#......#
#w##.....# #...
....#..(...# #.##.....#
#... ....#......##
#........# #...
#####.......####........#
####
#...>...............#
.##..


You could see a worm, an adder, a goblin and a friendly adder skeleton.

Vanquished Creatures
  2 adders
  3 leopard geckos
  A giant cockroach (D:2)
  A goblin (D:1)
  3 hobgoblins
  4 jackals (D:1)
  2 bats (D:1)
  2 frilled lizards
  2 kobolds
  3 rats (D:2)
23 creatures vanquished.

Notes
Turn   | Place    | Note
-------+----------+-------------------------------------------
     0 | D:1      | tidbits the Felid Necromancer began the quest for the Orb.
     0 | D:1      | Reached XP level 1. HP: 7/7 MP: 4/4
   114 | D:1      | Reached skill level 3 in Stealth
   359 | D:2      | Reached skill level 1 in Unarmed Combat
   384 | D:2      | Reached XP level 2. HP: 9/11 MP: 4/6
   387 | D:2      | Learned a level 1 spell: Animate Skeleton
   577 | D:3      | Noticed Natasha
   613 | D:3      | Reached skill level 4 in Stealth
   613 | D:3      | Reached XP level 3. HP: 9/14 MP: 5/7
   674 | D:2      | Learned a level 3 spell: Regeneration
   726 | D:2      | Reached skill level 2 in Unarmed Combat
   784 | D:2      | Slain by an adder

Skill      XL: |  1  2  3 |
---------------+----------+-----
Stealth        | 3 4 |  4.3
Unarmed Combat | 1 2 |  2.0
Dodging        | |  2.7
Spellcasting   | |  2.0
Necromancy     | |  4.0

Action                   || total
-------------------------++-------
Melee: Unarmed           ||    21
       Bite              ||     3
 Cast: Pain              ||    23
       Animate Skeleton  ||     1
       Regeneration      ||     1
  Use: Potion            ||     4
 Stab: Sleeping          ||     4
Armor: Skin              ||     2
Dodge: Dodged            ||    28

Table legend:
 A = Turns spent in this place as a percentage of turns spent in the entire game.
 B = Non-inter-level travel turns spent in this place as a percentage of non-inter-level travel turns spent in the entire game.
 C = Inter-level travel turns spent in this place as a percentage of turns spent in this place.
 D = Turns resting spent in this place as a percentage of non-inter-level travel turns spent in this place.
 E = Turns spent auto-exploring this place as a percentage of non-inter-level travel turns spent in this place.
 F = Non-inter-level travel turns spent in this place divided by the number of levels of this place that you've seen.
                   A       B       C       D       E      F
               +-------+-------+-------+-------+-------+----------------------
         Total | 100.0 | 100.0 |   0.0 |   0.0 |   0.0 | 261.3
       Dungeon | 100.0 | 100.0 |   0.0 |   0.0 |   0.0 | 261.3
               +-------+-------+-------+-------+-------+----------------------

Table legend:
 A = Kills in this place as a percentage of kills in entire the game.
 B = Kills by you in this place as a percentage of kills by you in the entire game.
 C = Kills by friends in this place as a percentage of kills by friends in the entire game.
 D = Other kills in this place as a percentage of other kills in the entire game.
 E = Experience gained in this place as a percentage of experience gained in the entire game.
 F = Experience gained in this place divided by the number of levels of this place that you have seen.
                   A       B       C       D       E      F
               +-------+-------+-------+-------+-------+----------------------
         Total | 100.0 | 100.0 |   N/A |   N/A | 100.0 |  20.7
       Dungeon | 100.0 | 100.0 |   N/A |   N/A | 100.0 |  20.7
               +-------+-------+-------+-------+-------+----------------------

Vault maps used:
D:1:      arrival_zaba_pyramid
D:2:      first_ration, uniq_terence
D:3:      chequers_ecumenical_altar_lobes, uniq_jessica, uniq_natasha
